 Dungeon Crawl Stone Soup version 0.29-a0-676-ga64570c9d2 (webtiles) character file.

Game seed: 8097414873685037070

41 lesaewzxc the Cutter (level 3, 0/24 HPs)
             Began as a Kobold Berserker on June 24, 2022.
             Slain by a goblin
             ... wielding a +0 hand axe
              (1 damage)
             ... on level 3 of the Dungeon.
             The game lasted 00:07:26 (1017 turns).

lesaewzxc the Cutter (Kobold Berserker)             Turns: 1017, Time: 00:07:27

Health: 0/24       AC:  7    Str: 16    XL:     3   Next: 75%
Magic:  0/4        EV: 12    Int:  8    God:
Gold:   48         SH:  0    Dex: 14    Spells: 4/4 levels left

rFire   . . .      SeeInvis .   a - +0 short sword
rCold   . . .      Faith    .   (no shield)
rNeg    . . .      Spirit   +   e - +0 scale mail
rPois   .          Reflect  .   (no helmet)
rElec   .          Harm     .   (no cloak)
rCorr   .          Rampage  .   d - +0 pair of gloves
Will    .....                   (no boots)
Stlth   +.........              h - amulet of guardian spirit
HPRegen 0.08/turn               (no ring)
MPRegen 0.09/turn               (no ring)

@: mighty
A: small, no large weapons, nightstalker 3
a: no special abilities


You were on level 3 of the Dungeon.
You visited 1 branch of the dungeon, and saw 3 of its levels.

You collected 48 gold pieces.

Inventory:

Hand Weapons
 a - a +0 short sword (weapon)
Armour
 b - a +0 animal skin
 d - a +0 pair of gloves (worn)
 e - a +0 scale mail (worn)
Jewellery
 c - an amulet of magic regeneration
 h - an amulet of guardian spirit (around neck)


   Skills:
 * Level 3.6 Fighting
 + Level 4.2 Short Blades
 + Level 1.8 Armour
 + Level 2.8 Dodging
 * Level 1.1 Spellcasting
 * Level 1.1 Summonings


You had 4 spell levels left.
You didn't know any spells.
Your spell library contained the following spells:

 Spells                   Type           Power      Damage    Failure   Level
 Summon Small Mammal      Summ           8%         N/A       65%         1
 Sublimation of Blood     Necr           0%         N/A       91%         2
 Call Canine Familiar     Summ           2%         N/A       95%         3
 Summon Guardian Golem    Hex/Summ       1%         N/A       98%         3
 Tukima's Dance           Hex            0%         N/A       99%         3
 Passage of Golubria      Tloc           0%         N/A       100%        4
 Petrify                  Tmut/Erth      0%         N/A       100%        4
 Irradiate                Conj/Tmut      0%         3d13      100%        5
 Yara's Violent Unravell  Hex/Tmut       0%         3d3       100%        5


Dungeon Overview and Level Annotations

Branches:
Dungeon (3/15)

Altars:


Innate Abilities, Weirdness & Mutations

You are small and have problems with some larger weapons.
You are completely attuned to the shadows.


Message History

The goblin attacks as you move away! The goblin hits you with a +0 hand axe.
You hit the adder.
The adder is heavily wounded.
The adder bites you but does no damage. The goblin hits you with a +0 hand axe.
The adder closely misses you.
You feel very mighty all of a sudden. The goblin barely misses you.
The adder bites you.
You are poisoned.
The adder poisons you!
You barely miss the adder.
The adder is heavily wounded.
You feel sick. The adder bites you but does no damage.
The goblin closely misses you.
You puncture the adder!
You kill the adder!
You feel sick. The goblin misses you.
You hit the goblin.
The goblin is moderately wounded.
You feel sick. The goblin misses you. The goblin closely misses you.
You closely miss the goblin.
The goblin is moderately wounded.
You feel sick. The goblin hits you with a +0 club.
* * * LOW HITPOINT WARNING * * *
The goblin barely misses you.
You barely miss the goblin.
The goblin is moderately wounded.
You feel sick.
You are no longer poisoned.
The goblin hits you but does no damage.
You puncture the goblin!
You kill the goblin!
The goblin barely misses you.
You hit the kobold.
You kill the kobold!
The goblin hits you with a +0 hand axe.
* * * LOW HITPOINT WARNING * * *
You miss the goblin. The goblin misses you.
You barely miss the goblin. Your punch misses the goblin.
The goblin hits you with a +0 hand axe.
You die...

#.#.#..# #
#.#....# #
####.####.#
#
#........†#
#
#.#.#######
# #.#..<..#
#
###.##.####
#
...........
# #
##@...### #
#.##)g.<# #
#......... #
.....######.
# ......
.......
........


You could see a goblin.

Vanquished Creatures
  3 adders (D:3)
  4 ball pythons (D:3)
  A giant cockroach (D:3)
  2 hobgoblins
  A quokka (D:3)
  A bat (D:3)
  A goblin (D:3)
  2 kobolds (D:3)
  A rat (D:2)
16 creatures vanquished.

Notes
Turn   | Place    | Note
-------+----------+-------------------------------------------
     0 | D:1      | lesaewzxc the Kobold Berserker began the quest for the Orb.
     0 | D:1      | Reached XP level 1. HP: 14/14 MP: 1/1
   114 | D:2      | Fell from the grace of Trog
   414 | D:3      | Reached XP level 2. HP: 19/19 MP: 2/2
   779 | D:3      | Reached XP level 3. HP: 10/23 MP: 4/4
  1001 | D:3      | Reached skill level 1 in Spellcasting
  1001 | D:3      | Reached skill level 1 in Summonings
  1015 | D:3      | HP: 1/24 [goblin/+0 hand axe (2)]
  1017 | D:3      | Slain by a goblin

Illustrated notes

Levels and vault maps discovered:
D:1:      elethiomel_arrival_shortcut, layout_rooms,
          shapermc_ecumenical_altar_notcrosses, serial_shops, shop_fountains
D:2:      wander_river, layout_basic, nicolae_grassy_gnolls
D:3:      layout_basic, uniq_crazy_yiuf_cottage

Skill      XL: |  1  2  3 |
---------------+----------+-----
Spellcasting   | 1 |  1.1
Summonings     | 1 |  1.1
Fighting       | |  3.6
Short Blades   | |  4.2
Armour         | |  1.8
Dodging        | |  2.8

Action                   || total
-------------------------++-------
Melee: Short sword       ||    57
Invok: Renounce Religion ||     1
  Use: Scroll            ||     3
       Potion            ||     3
Armor: Scale mail        ||    29
       Animal skin       ||     1
Dodge: Dodged            ||    35

Table legend: (Time is in decaauts)
 A = Elapsed time spent in this place.
 B = Non-inter-level travel time spent in this place.
 C = Inter-level travel time spent in this place.
 D = Time resting spent in this place.
 E = Time spent auto-exploring this place.
 F = Levels seen in this place.
 G = Mean time per level.
                   A        B        C        D        E       F      G
               +--------+--------+--------+--------+--------+-----+--------+
         Total |   1015 |   1015 |      0 |      0 |    489 |   3 |  338.3 |
       Dungeon |   1015 |   1015 |      0 |      0 |    489 |   3 |  338.3 |
               +--------+--------+--------+--------+--------+-----+--------+

Top non-repeatable levels by time:
     D:3: 622 daAuts
     D:2: 292 daAuts
     D:1: 100 daAuts
